[Event "Titled Tuesday Blitz February 14 Late 2023"]
[White "Bjelobrk, Igor"]
[Black "Girsh, Daniel"]
[WhiteFideId "4300726"]
[BlackFideId "30949190"]
[WhiteElo "2403"]
[BlackElo "2123"]
[Result "1-0"]
[Round "06"]
[TimeControl "180+2"]
[Date "2023.02.14"]
[WhiteClock "0:00:33"]
[BlackClock "0:00:02"]

1. d4 Nf6 2. c4 g6 3. Nc3 Bg7 4. e4 O-O 5. Nf3 d6 6. Be2 Nc6 7. d5 Nb8 8. O-O c6 9. Nd4 Qc7 10. Be3 Nbd7 11. Rc1 a5 12. b3 Nc5 13. Qc2 Bd7 14. Rfd1 Ng4 15. Bxg4 Bxg4 16. f3 Bd7 17. Nde2 Na6 18. Qd2 Rae8 19. Bh6 Nc5 20. Bxg7 Kxg7 21. Qb2 Kg8 22. a3 Ra8 23. Kh1 Qb6 24. Rb1 Rfb8 25. h3 Qc7 26. Qc2 Qc8 27. Kh2 f5 28. b4 axb4 29. axb4 Na6 30. Qb3 c5 31. bxc5 Nxc5 32. Qb2 fxe4 33. fxe4 Qf8 34. Qd2 Qg7 35. Kh1 Rf8 36. Nd4 Qe5 37. Qe3 Ra3 38. Rbc1 Qh5 39. Nde2 Qh4 40. Rf1 Raa8 41. Rb1 Rxf1+ 42. Rxf1 Rf8 43. Rxf8+ Kxf8 44. Kh2 Kg7 45. Nd4 Qf6 46. Nf3 h6 47. e5 Qf5 48. Ne2 Ne4 49. Ned4 Qh5 50. Qxe4 Bf5 51. Qf4 Bd3 52. exd6 exd6 53. Qxd6 Qf5 54. Nxf5+ Bxf5 55. Qe7+ 1-0


[Site "https://www.chess.com"]

[Event "Titled Tuesday Blitz February 14 Late 2023"]
[White "Rorrer, Grayson"]
[Black "Bilan, Danila"]
[WhiteFideId "30944996"]
[BlackFideId "24161918"]
[WhiteElo "2263"]
[BlackElo "2303"]
[Result "1-0"]
[Round "06"]
[TimeControl "180+2"]
[Date "2023.02.14"]
[WhiteClock "0:01:39"]
[BlackClock "0:00:13"]

1. c4 c6 2. Nf3 d5 3. e3 Nf6 4. Nc3 e6 5. Qc2 Bd6 6. Be2 Nbd7 7. g4 h6 8. Rg1 Qc7 9. h3 b6 10. b3 Bb7 11. Bb2 O-O-O 12. O-O-O Kb8 13. Kb1 a6 14. d4 c5 15. cxd5 exd5 16. h4 Ne4 17. Nxe4 dxe4 18. Nd2 cxd4 19. Qxc7+ Bxc7 20. Bxd4 Be5 21. Nc4 Bxd4 22. Rxd4 b5 23. Nd6 Ne5 24. Nxb7 Kxb7 25. Rxe4 Nc6 26. Rc1 Kb6 27. Bf3 Rc8 28. Kb2 Nb4 29. Rxb4 1-0


[Site "https://www.chess.com"]

[Event "Titled Tuesday Blitz February 14 Late 2023"]
[White "Baghdasaryan, Vahe"]
[Black "Novikov, Evgenij"]
[WhiteFideId "13303139"]
[BlackFideId "4125380"]
[WhiteElo "2257"]
[BlackElo "2276"]
[Result "1/2-1/2"]
[Round "06"]
[TimeControl "180+2"]
[Date "2023.02.14"]
[WhiteClock "0:00:29"]
[BlackClock "0:00:07"]

1. e4 c6 2. d4 d5 3. e5 Bf5 4. h4 h5 5. c4 Bxb1 6. Rxb1 e6 7. Ne2 dxc4 8. Ng3 Nd7 9. Nxh5 g6 10. Ng3 Rxh4 11. Rxh4 Qxh4 12. Bxc4 Nb6 13. Bb3 O-O-O 14. Be3 Bh6 15. Qf3 Bxe3 16. fxe3 Ne7 17. Kf2 Nf5 18. Rh1 Qe7 19. Nxf5 gxf5 20. Rh7 Rd7 21. Qh5 Kc7 22. a3 Nd5 23. Bxd5 cxd5 24. Rh8 Rd8 25. Rh7 Rd7 26. Qh6 b6 27. Qf6 Qxf6 28. exf6 Kd6 29. Kg3 e5 30. Kh4 Ke6 31. Kg5 Rc7 32. Rh8 exd4 33. exd4 Rc2 34. Re8+ Kd6 35. Re7 Rxg2+ 36. Kxf5 Rf2+ 37. Kg5 Rg2+ 38. Kh4 Rxb2 39. Rxf7 Ke6 40. Rf8 Rf2 41. Kg5 Rg2+ 42. Kh6 Rf2 43. Kg6 Rg2+ 44. Kh6 Rf2 45. Kg6 Rg2+ 46. Kh6 1/2-1/2


[Site "https://www.chess.com"]

[Event "Titled Tuesday Blitz February 14 Late 2023"]
[White "Papp, Levente"]
[Black "Santos Flores, Alberto"]
[WhiteFideId "751243"]
[BlackFideId "3601234"]
[WhiteElo "2353"]
[BlackElo "2164"]
[Result "0-1"]
[Round "06"]
[TimeControl "180+2"]
[Date "2023.02.14"]
[WhiteClock "0:00:02"]
[BlackClock "0:01:18"]

1. b3 d5 2. Bb2 Bg4 3. c4 c6 4. Nc3 Nf6 5. d4 e6 6. h3 Bh5 7. g4 Bg6 8. Bg2 Nbd7 9. e3 Bd6 10. f4 Ne4 11. Nxe4 Bxe4 12. Nf3 Qa5+ 13. Kf2 O-O 14. Rf1 f6 15. Kg1 Rae8 16. Qd2 Qxd2 17. Nxd2 Bxg2 18. Kxg2 e5 19. f5 exd4 20. exd4 Re2+ 21. Rf2 Rfe8 22. Nf1 Bb4 23. a3 Be1 24. Rxe2 Rxe2+ 25. Kf3 Rf2+ 26. Ke3 Rxb2 0-1


[Site "https://www.chess.com"]

[Event "Titled Tuesday Blitz February 14 Late 2023"]
[White "Danielyan, Vahe"]
[Black "Pasti, Aron"]
[WhiteFideId "13304828"]
[BlackFideId "785857"]
[WhiteElo "2346"]
[BlackElo "2361"]
[Result "1-0"]
[Round "06"]
[TimeControl "180+2"]
[Date "2023.02.14"]
[WhiteClock "0:01:42"]
[BlackClock "0:02:25"]

1. e4 c5 2. Nc3 e6 3. Nf3 Nc6 4. Bb5 Nd4 5. O-O Qb6 6. Bd3 Ne7 7. Nxd4 cxd4 8. Ne2 d5 9. c3 dxc3 10. dxc3 g6 11. Be3 Qc7 12. Bg5 dxe4 13. Bxe4 Bg7 14. Qa4+ Bd7 15. Qb3 Bc6 16. Ng3 O-O 17. Bxe7 Qxe7 18. Bxc6 bxc6 19. Qc4 c5 20. Ne4 Rab8 21. b3 Rfc8 22. Rad1 f5 23. Nd6 Rb6 24. Nxc8 1-0


[Site "https://www.chess.com"]

[Event "Titled Tuesday Blitz February 14 Late 2023"]
[White "Cori T., Deysi"]
[Black "Mujumdar, Sameer"]
[WhiteFideId "3801934"]
[BlackFideId "2029707"]
[WhiteElo "2362"]
[BlackElo "1992"]
[Result "1-0"]
[Round "06"]
[TimeControl "180+2"]
[Date "2023.02.14"]
[WhiteClock "0:02:34"]
[BlackClock "0:02:19"]

1. d4 Nf6 2. Nf3 g6 3. g3 Bg7 4. Bg2 O-O 5. O-O d6 6. b3 Nbd7 7. Bb2 e5 8. dxe5 Ng4 9. c4 Ngxe5 10. Nc3 Nxf3+ 11. exf3 Ne5 12. f4 Nc6 13. Qd2 Bf5 14. Nd5 Qd7 15. Rfe1 Rae8 16. Nf6+ Bxf6 17. Bxf6 Rxe1+ 18. Rxe1 Re8 19. Rc1 Be4 20. f3 Bf5 21. g4 Be6 22. f5 1-0


[Site "https://www.chess.com"]

[Event "Titled Tuesday Blitz February 14 Late 2023"]
[White "Kostiukov, Alexandr"]
[Black "Richter, Paul"]
[WhiteFideId "14108100"]
[BlackFideId "2046350"]
[WhiteElo "2271"]
[BlackElo "2171"]
[Result "0-1"]
[Round "06"]
[TimeControl "180+2"]
[Date "2023.02.14"]
[WhiteClock "0:00:03"]
[BlackClock "0:00:10"]

1. g3 Nf6 2. Bg2 g6 3. c4 Bg7 4. Nf3 O-O 5. O-O d6 6. d4 Nbd7 7. Nc3 Re8 8. e4 e5 9. h3 exd4 10. Nxd4 a6 11. Re1 Rb8 12. Be3 Ne5 13. b3 c5 14. Nde2 b5 15. cxb5 axb5 16. Nf4 b4 17. Ncd5 Nxd5 18. Nxd5 Be6 19. Rc1 Nc6 20. h4 Nd4 21. Bg5 f6 22. Be3 Nb5 23. h5 Qd7 24. h6 Bh8 25. f4 Qf7 26. Kh2 Bxd5 27. exd5 f5 28. Qd3 Qf8 29. Bd2 Qxh6+ 30. Kg1 Bd4+ 31. Be3 Qg7 32. Kf1 Nc3 33. Bxd4 Qxd4 34. Rxe8+ Rxe8 35. Qxd4 cxd4 36. Rc2 Re3 37. Kf2 Nd1+ 38. Kf1 Rxg3 39. Rd2 Ne3+ 40. Kg1 Rxg2+ 41. Rxg2 Nxg2 42. Kxg2 Kf7 43. Kf3 h6 44. Ke2 g5 45. Kd3 g4 46. Kxd4 h5 47. Ke3 h4 48. Kf2 Ke7 49. Ke3 Kd7 0-1


[Site "https://www.chess.com"]

[Event "Titled Tuesday Blitz February 14 Late 2023"]
[White "Benmesbah, Natacha"]
[Black "Yedidia, Daniel"]
[WhiteFideId "642002"]
[BlackFideId "30905907"]
[WhiteElo "2261"]
[BlackElo "2041"]
[Result "1-0"]
[Round "06"]
[TimeControl "180+2"]
[Date "2023.02.14"]
[WhiteClock "0:00:29"]
[BlackClock "0:00:26"]

1. e4 e5 2. Nf3 Nc6 3. Bc4 Nf6 4. Ng5 d5 5. exd5 Na5 6. Bb5+ c6 7. dxc6 bxc6 8. Bd3 Nd5 9. Nf3 Bd6 10. Nc3 Nf4 11. O-O O-O 12. Be2 Qf6 13. Ne4 Qg6 14. Ng3 e4 15. Nd4 f5 16. d3 Nxe2+ 17. Qxe2 c5 18. Nb5 Bb8 19. dxe4 f4 20. Nf5 Bxf5 21. exf5 Rxf5 22. f3 a6 23. Nc3 Bc7 24. Re1 Rf6 25. Nd5 Rf7 26. Nxc7 Rxc7 27. Qe6+ Qxe6 28. Rxe6 Kf7 29. Re4 g5 30. Bd2 Nc6 31. Bc3 Rd8 32. Rae1 Rcd7 33. a3 Rd1 34. Kf2 Rxe1 35. Kxe1 h5 36. h4 Kg6 37. Re6+ Kf5 38. Rxc6 gxh4 39. Rxc5+ Kg6 40. Rc6+ Kf5 41. Rxa6 Rg8 42. Ra5+ Kg6 43. Kf2 Kh6 44. Rf5 Kg6 45. Rxf4 1-0


[Site "https://www.chess.com"]

[Event "Titled Tuesday Blitz February 14 Late 2023"]
[White "Ruiz Aguilar, Pablo Alexander"]
[Black "Fiorito, Francisco"]
[WhiteFideId "4401352"]
[BlackFideId "180165"]
[WhiteElo "2161"]
[BlackElo "2305"]
[Result "0-1"]
[Round "06"]
[TimeControl "180+2"]
[Date "2023.02.14"]
[WhiteClock "0:00:12"]
[BlackClock "0:02:10"]

1. e4 c5 2. Nf3 Nc6 3. d4 cxd4 4. Nxd4 g6 5. Nc3 Bg7 6. Be3 Nf6 7. Bc4 O-O 8. Bb3 Re8 9. Nxc6 dxc6 10. O-O Qc7 11. h3 a5 12. a4 e5 13. f4 exf4 14. Bxf4 Qb6+ 15. Kh1 Be6 16. Bg5 Nh5 17. Bxe6 Ng3+ 18. Kh2 Nxf1+ 19. Qxf1 Rxe6 20. Rb1 Rae8 21. Qc4 Qb4 22. Qf1 Qc5 23. Bf4 Be5 24. Bxe5 Qxe5+ 25. Kh1 Rd8 26. Rd1 Rxd1 27. Qxd1 Rd6 28. Qf3 Rf6 29. Qd3 h5 30. Qd8+ Kg7 31. Qd3 h4 32. Qd1 Qg3 33. Ne2 Qe3 34. Nc3 Rf2 0-1


[Site "https://www.chess.com"]

[Event "Titled Tuesday Blitz February 14 Late 2023"]
[White "Urbina Perez, Juan Antonio"]
[Black "O`Gorman, Tom"]
[WhiteFideId "2217368"]
[BlackFideId "2508249"]
[WhiteElo "2266"]
[BlackElo "2355"]
[Result "0-1"]
[Round "06"]
[TimeControl "180+2"]
[Date "2023.02.14"]
[WhiteClock "0:00:06"]
[BlackClock "0:01:01"]

1. d4 Nf6 2. Nf3 d5 3. c4 e6 4. g3 Bb4+ 5. Bd2 Be7 6. Bg2 O-O 7. O-O c6 8. Qc2 b6 9. b3 a5 10. Bc3 Ba6 11. cxd5 cxd5 12. Bb2 Nbd7 13. Nc3 Rc8 14. Qd1 b5 15. Rc1 Nb6 16. Re1 b4 17. Nb1 Ne4 18. Nfd2 Nd6 19. e4 dxe4 20. Nxe4 Nxe4 21. Bxe4 Qd6 22. Nd2 Rxc1 23. Qxc1 Rc8 24. Qb1 g6 25. Rc1 a4 26. Rxc8+ Bxc8 27. Qc2 a3 28. Ba1 Qd7 29. Nc4 Nxc4 30. bxc4 Bb7 31. Bxb7 Qxb7 32. Qd3 Bf6 33. h4 h6 34. h5 g5 35. Kh2 Kg7 36. Kg1 Qd7 37. Qd1 Qc6 38. Qd3 Qa4 39. Qb3 Qxb3 40. axb3 Kf8 41. Kf1 Ke7 42. Ke2 Kd7 43. Kd3 Bg7 44. c5 e5 45. dxe5 Ke6 46. Kc4 Bxe5 47. Kxb4 a2 48. Ka3 Bxa1 49. Kxa2 Bd4 50. b4 Bxf2 51. g4 Kd5 52. Kb3 Bxc5 53. bxc5 Kxc5 54. Kc3 Kd5 55. Kd3 Ke5 56. Ke3 f6 57. Kf3 Kd4 58. Kf2 Ke4 59. Kg3 Ke3 60. Kg2 Kf4 0-1


[Site "https://www.chess.com"]

[Event "Titled Tuesday Blitz February 14 Late 2023"]
[White "Lopez Perdomo, Juan David"]
[Black "Guzman Moneo, Alberto"]
[WhiteFideId "4405137"]
[BlackFideId "2209616"]
[WhiteElo "2029"]
[BlackElo "2170"]
[Result "1-0"]
[Round "06"]
[TimeControl "180+2"]
[Date "2023.02.14"]
[WhiteClock "0:01:35"]
[BlackClock "0:00:01"]

1. e4 c5 2. d4 cxd4 3. c3 d5 4. exd5 Qxd5 5. Nf3 Nc6 6. cxd4 Bg4 7. Be2 e6 8. Nc3 Bb4 9. O-O Bxc3 10. bxc3 Nf6 11. Ba3 Ne4 12. Qd3 Bf5 13. c4 Qa5 14. Qe3 Nc3 15. Bd6 Rd8 16. c5 Bg4 17. Bc4 Bxf3 18. Qxf3 Rxd6 19. cxd6 Nxd4 20. d7+ Ke7 21. Qxb7 Qb6 22. d8=Q+ Kxd8 23. Qa8+ Ke7 24. Qxh8 Qc5 25. Bd3 Qg5 26. Qa8 Nd5 27. Qxa7+ Kf6 28. Qxd4+ Ke7 29. Rab1 Qe5 30. Rb7+ Kf6 31. Rxf7+ Kxf7 32. Qxe5 Nf4 33. Qxf4+ Ke7 34. Rb1 e5 35. Qxe5+ Kd8 36. Rb7 1-0


[Site "https://www.chess.com"]

[Event "Titled Tuesday Blitz February 14 Late 2023"]
[White "Torres Dominguez, David"]
[Black "Martinez Ramirez, Lennis"]
[WhiteFideId "2220857"]
[BlackFideId "3509079"]
[WhiteElo "1994"]
[BlackElo "2426"]
[Result "0-1"]
[Round "06"]
[TimeControl "180+2"]
[Date "2023.02.14"]
[WhiteClock "0:00:03"]
[BlackClock "0:01:14"]

1. e4 c5 2. Nc3 d6 3. Bb5+ Nd7 4. Bxd7+ Bxd7 5. d3 g6 6. f4 Bg7 7. Nf3 e6 8. O-O Ne7 9. Bd2 b5 10. Qe1 b4 11. Nd1 O-O 12. f5 gxf5 13. Qh4 fxe4 14. dxe4 Ng6 15. Qh5 f6 16. Bh6 Qe7 17. Nf2 Bxh6 18. Qxh6 Qg7 19. Qd2 Bb5 20. Rfe1 Rad8 21. a3 a5 22. axb4 axb4 23. Ng4 Kh8 24. Ra5 Bc6 25. Ra6 Bxe4 26. Rxe4 f5 27. Re1 fxg4 28. Ng5 Nf4 29. Nxe6 Qh6 30. Nxf4 Qxf4 31. Qxf4 Rxf4 32. Ra7 Rdf8 33. g3 R4f7 34. Ree7 Rxe7 35. Rxe7 Rf6 36. Kg2 h5 37. h3 Kg8 38. hxg4 hxg4 39. Rd7 Kf8 40. b3 Re6 41. Kf2 Rf6+ 42. Kg2 Ke8 43. Rg7 Rf3 44. Rxg4 Rc3 45. Rc4 Rxc4 46. bxc4 d5 47. Kf3 dxc4 48. Ke3 Kf7 49. Kd2 Kf6 50. Ke3 Kf5 51. Kf3 b3 0-1


[Site "https://www.chess.com"]

[Event "Titled Tuesday Blitz February 14 Late 2023"]
[White "Papasimakopoulos, Alexandros"]
[Black "Mazurkiewicz, Michal"]
[WhiteFideId "4244125"]
[BlackFideId "1124943"]
[WhiteElo "2401"]
[BlackElo "2145"]
[Result "1-0"]
[Round "06"]
[TimeControl "180+2"]
[Date "2023.02.14"]
[WhiteClock "0:01:08"]
[BlackClock "0:00:05"]

1. d4 Nf6 2. c4 e5 3. dxe5 Ng4 4. e3 Nxe5 5. Nh3 d5 6. Qxd5 Qe7 7. Nf4 g5 8. Nd3 Bg7 9. Nxe5 Bxe5 10. Nc3 c6 11. Qd1 Be6 12. Qc2 Nd7 13. Be2 O-O-O 14. Bd2 Kb8 15. O-O-O Qf6 16. Ne4 Qg6 17. Ng3 f5 18. Bd3 Nc5 19. Bc3 Bxc3 20. Qxc3 Nxd3+ 21. Rxd3 f4 22. Rhd1 Kc8 23. Rxd8+ Rxd8 24. Rxd8+ Kxd8 25. exf4 gxf4 26. Qd4+ Kc8 27. Qxf4 Qd3 28. Qe4 Qxc4+ 29. Qxc4 Bxc4 30. a3 Bd5 31. f3 Kd7 32. Kd2 Ke6 33. Ne2 Ke5 34. Ke3 a5 35. g4 b5 36. b4 axb4 37. axb4 Kd6 38. Nc3 c5 39. bxc5+ Kxc5 40. Nxd5 Kxd5 41. f4 Kc4 42. Kd2 b4 43. Kc2 h6 44. f5 Kd5 45. Kb3 Ke5 46. h3 Kf6 47. Kxb4 Kg5 48. Kc4 h5 49. Kd3 h4 50. Ke4 Kf6 51. Kf4 Kg7 52. g5 Kh7 53. Kg4 1-0


[Site "https://www.chess.com"]

[Event "Titled Tuesday Blitz February 14 Late 2023"]
[White "Risteski, Emil"]
[Black "Grot, Blazej"]
[WhiteFideId "15005267"]
[BlackFideId "21835845"]
[WhiteElo "2366"]
[BlackElo "1990"]
[Result "0-1"]
[Round "06"]
[TimeControl "180+2"]
[Date "2023.02.14"]
[WhiteClock "0:00:18"]
[BlackClock "0:00:41"]

1. e4 e5 2. Bc4 c6 3. Nf3 d5 4. Bb3 Nf6 5. d3 Bd6 6. Bg5 Bg4 7. h3 Bh5 8. Nc3 d4 9. Nb1 h6 10. Bh4 a5 11. a3 Nbd7 12. g4 Bg6 13. Nbd2 Nc5 14. Ba2 b5 15. Bg3 Ncd7 16. Nh4 Bh7 17. Nf5 Bxf5 18. gxf5 Qb6 19. Rg1 g6 20. fxg6 fxg6 21. h4 O-O-O 22. a4 g5 23. hxg5 hxg5 24. axb5 cxb5 25. Be6 Kb7 26. Nf3 Bb4+ 27. Kf1 Qxe6 28. Nxg5 Qe7 29. Nf3 Rdf8 30. Nh4 Nh5 31. Nf5 Nxg3+ 32. fxg3 Qg5 33. c3 Rxf5+ 34. exf5 Qxf5+ 35. Kg2 Qh3+ 36. Kf2 Rf8+ 37. Ke1 dxc3 38. bxc3 Bxc3+ 39. Ke2 Qh2+ 40. Ke3 Qf2+ 41. Ke4 Nf6# 0-1


[Site "https://www.chess.com"]

[Event "Titled Tuesday Blitz February 14 Late 2023"]
[White "Di Berardino, Diego Rafael"]
[Black "Forgacs, Attila Jr."]
[WhiteFideId "2105446"]
[BlackFideId "773654"]
[WhiteElo "2479"]
[BlackElo "2264"]
[Result "1-0"]
[Round "06"]
[TimeControl "180+2"]
[Date "2023.02.14"]
[WhiteClock "0:00:04"]
[BlackClock "0:00:30"]

1. e4 e5 2. Nf3 Nc6 3. Bc4 Nf6 4. d3 h6 5. O-O d6 6. c3 g5 7. Re1 Bg7 8. a4 O-O 9. Na3 Ne7 10. Nc2 c6 11. Bb3 Ng6 12. Ne3 d5 13. Nf5 dxe4 14. dxe4 Qxd1 15. Bxd1 Rd8 16. Bb3 Be6 17. Bxe6 fxe6 18. Ng3 Rd7 19. Be3 a6 20. Nd2 Nf4 21. Nc4 Ng4 22. Nb6 Rad8 23. Nxd7 Rxd7 24. Red1 Rf7 25. Rd8+ Kh7 26. Rad1 h5 27. R1d7 Rxd7 28. Rxd7 Kg6 29. Rxb7 h4 30. Bxf4 exf4 31. Ne2 Ne5 32. Nd4 h3 33. Nxe6 Bf6 34. Nf8+ Kh5 35. Rh7+ Kg4 36. f3+ Nxf3+ 37. gxf3+ Kxf3 38. Rxh3+ Kxe4 39. Ng6 g4 40. Rh7 f3 41. Kf1 Bg5 42. Rc7 Bc1 43. b4 Bd2 44. Rxc6 Kd3 45. b5 Bxc3 46. Rxc3+ Kxc3 47. bxa6 Kb4 48. a7 g3 49. hxg3 Kc5 50. a8=Q Kd4 51. Qxf3 Kc5 52. Qf5+ Kd6 53. Qf6+ Kd7 54. Qe5 Kc6 55. Qb5+ Kd6 56. Nh4 Ke6 57. a5 Kf6 58. a6 Ke6 59. a7 Kd6 60. a8=Q Kc7 61. Qac6+ Kd8 62. Qd7# 1-0


[Site "https://www.chess.com"]

[Event "Titled Tuesday Blitz February 14 Late 2023"]
[White "Poeta, Caio Medeiros"]
[Black "Koellner, Ruben Gideon"]
[WhiteFideId "2142660"]
[BlackFideId "12993093"]
[WhiteElo "2088"]
[BlackElo "2426"]
[Result "0-1"]
[Round "06"]
[TimeControl "180+2"]
[Date "2023.02.14"]
[WhiteClock "0:00:36"]
[BlackClock "0:00:30"]

1. d4 d6 2. c4 e5 3. Nf3 e4 4. Nfd2 f5 5. e3 Nf6 6. Nc3 c5 7. Be2 Nc6 8. Nb3 Be7 9. O-O O-O 10. f3 Re8 11. fxe4 Nxe4 12. Nxe4 fxe4 13. Bd2 cxd4 14. exd4 Bf6 15. d5 Nd4 16. Bc3 Nxb3 17. axb3 Qb6+ 18. Kh1 Bxc3 19. bxc3 Bd7 20. Qd4 Qxb3 21. Bh5 Re5 22. Bf7+ Kh8 23. Rfb1 Qc2 24. Rxb7 Bc8 25. Rbb1 e3 26. Re1 e2 27. Be6 Bxe6 28. dxe6 Rxe6 29. Rxa7 Rxa7 30. Qxa7 h6 31. Qb8+ Kh7 32. Qf8 Rf6 0-1


[Site "https://www.chess.com"]

[Event "Titled Tuesday Blitz February 14 Late 2023"]
[White "CheckBits"]
[Black "Marosi, Levente"]
[BlackFideId "747181"]
[WhiteElo "2468"]
[BlackElo "2303"]
[Result "1-0"]
[Round "06"]
[TimeControl "180+2"]
[Date "2023.02.14"]
[WhiteClock "0:00:40"]
[BlackClock "0:00:28"]

1. e4 c6 2. d4 d5 3. exd5 cxd5 4. Bd3 Nc6 5. c3 Qc7 6. h3 e6 7. Nf3 Bd6 8. O-O Nge7 9. Re1 h6 10. Nbd2 O-O 11. Nf1 f5 12. Ne3 a6 13. c4 Nb4 14. Bf1 Bf4 15. a3 Bxe3 16. Bxe3 Nbc6 17. g3 dxc4 18. Bxc4 b5 19. Bf4 Qb7 20. Bxe6+ Kh7 21. Qd3 Bxe6 22. Rxe6 Nd5 23. Bd6 Rf7 24. Rae1 Rd8 25. h4 Kh8 26. h5 Qd7 27. Nh4 Rf6 28. Ng6+ Kh7 29. Rxf6 Nxf6 30. Nf8+ Rxf8 31. Bxf8 Nxd4 32. Bc5 1-0


[Site "https://www.chess.com"]

[Event "Titled Tuesday Blitz February 14 Late 2023"]
[White "Dinu, Dumitru-Daniel"]
[Black "Moral Garcia, Serafin"]
[WhiteFideId "1208403"]
[BlackFideId "2201925"]
[WhiteElo "2203"]
[BlackElo "2238"]
[Result "0-1"]
[Round "06"]
[TimeControl "180+2"]
[Date "2023.02.14"]
[WhiteClock "0:00:19"]
[BlackClock "0:00:58"]

1. e4 c5 2. b3 g6 3. Bb2 Nf6 4. e5 Nd5 5. g3 Bg7 6. Bg2 Nc7 7. Nf3 Nc6 8. O-O d5 9. Re1 Bg4 10. h3 Bxf3 11. Bxf3 O-O 12. d3 e6 13. Nd2 f6 14. exf6 Bxf6 15. Bxf6 Qxf6 16. Rf1 Nb5 17. Bg2 Nc3 18. Qe1 Nd4 19. Rc1 Nde2+ 20. Kh2 Nxc1 21. Qxc1 b5 22. Nf3 a5 23. Qe3 d4 24. Qe1 Nxa2 25. Ne5 Ra7 26. Ng4 Qe7 27. Qe5 h5 28. Nh6+ Kh7 29. Be4 Kxh6 30. g4 Qc7 31. g5+ Kh7 32. f4 Qxe5 0-1


[Site "https://www.chess.com"]

[Event "Titled Tuesday Blitz February 14 Late 2023"]
[White "Mayaud, Raphael"]
[Black "Al-Tarboush, Ward"]
[WhiteFideId "627151"]
[BlackFideId "7601450"]
[WhiteElo "2201"]
[BlackElo "2256"]
[Result "0-1"]
[Round "06"]
[TimeControl "180+2"]
[Date "2023.02.14"]
[WhiteClock "0:00:10"]
[BlackClock "0:00:07"]

1. d4 Nf6 2. Bg5 Ne4 3. Bf4 d5 4. e3 c5 5. Bd3 Nc6 6. Bxe4 dxe4 7. d5 e5 8. Bg3 Nb4 9. Nc3 Bg4 10. Qxg4 Nxc2+ 11. Kd2 Nxa1 12. Qd1 b5 13. Qxa1 b4 14. Nce2 Qxd5+ 15. Ke1 Be7 16. f3 O-O 17. fxe4 Qxe4 18. Kf2 Bg5 19. Qc1 f5 20. Nf3 f4 21. exf4 exf4 22. Bh4 Bxh4+ 23. Nxh4 Rae8 24. Re1 g5 25. Nf3 g4 26. Ng5 Qd5 27. h4 f3 28. gxf3 gxf3 29. Ng3 Qd4+ 30. Kf1 Qxh4 31. Qc4+ Qxc4+ 32. Kf2 Rxe1 33. Kxe1 f2+ 34. Kd2 f1=Q 35. Nxf1 Qxf1 36. Ne4 Qf4+ 37. Kd3 Rd8+ 0-1


[Site "https://www.chess.com"]

[Event "Titled Tuesday Blitz February 14 Late 2023"]
[White "vjecspec"]
[Black "Lorenzo De La Riva, Lazaro"]
[BlackFideId "2268809"]
[WhiteElo "2552"]
[BlackElo "2404"]
[Result "0-1"]
[Round "06"]
[TimeControl "180+2"]
[Date "2023.02.14"]
[WhiteClock "0:00:04"]
[BlackClock "0:00:21"]

1. e4 d6 2. d4 Nf6 3. Nc3 e5 4. Nge2 Nc6 5. g3 g6 6. Bg2 Bg7 7. O-O O-O 8. h3 Re8 9. Be3 exd4 10. Nxd4 Ne5 11. f4 Nc4 12. Bc1 c6 13. b3 Nb6 14. Bb2 h5 15. a4 a5 16. Qd3 Nbd7 17. Rae1 Nc5 18. Qd2 Qb6 19. Kh1 Bd7 20. e5 dxe5 21. fxe5 Nh7 22. Qf4 Rf8 23. Ba3 Rae8 24. Nf3 Ne6 25. Qe3 c5 26. Nd5 Qd8 27. Rd1 b6 28. Bb2 Qb8 29. c4 Bc6 30. Qf2 Nd4 31. Nxd4 cxd4 32. Nf6+ Bxf6 33. Bxc6 Rxe5 34. Bxd4 Rf5 35. Qg2 Bxd4 36. Rxf5 Be5 37. Rf3 h4 38. gxh4 Nf6 39. Bd5 Kg7 40. Rdf1 Qd6 41. Qg5 Rh8 42. R1f2 Rh5 43. Qe3 Rxh4 44. Kg2 Bd4 45. Qd3 Bxf2 46. Rxf2 Rh5 47. Rd2 Rg5+ 48. Kf2 Qh2+ 49. Ke1 Rg1+ 50. Qf1 Rxf1+ 0-1


[Site "https://www.chess.com"]

[Event "Titled Tuesday Blitz February 14 Late 2023"]
[White "Maltsevskaya, Aleksandra"]
[Black "Meunier-Pion, Jean"]
[WhiteFideId "24174041"]
[BlackFideId "20685327"]
[WhiteElo "2390"]
[BlackElo "2215"]
[Result "1-0"]
[Round "06"]
[TimeControl "180+2"]
[Date "2023.02.14"]
[WhiteClock "0:01:31"]
[BlackClock "0:00:03"]

1. g3 d5 2. Bg2 e5 3. d3 Nc6 4. e3 Be6 5. Ne2 Qd7 6. b3 Bb4+ 7. Nd2 h5 8. h3 f5 9. Bb2 h4 10. gxh4 Rxh4 11. a3 Bxd2+ 12. Qxd2 O-O-O 13. O-O-O Nf6 14. Rhg1 Qf7 15. f4 e4 16. Nd4 Nxd4 17. Bxd4 b6 18. Bf1 exd3 19. Bxd3 Rxh3 20. Qg2 Rh7 21. Qg6 Ne4 22. Qxf7 Bxf7 23. Bxg7 Rg8 24. Be5 Rxg1 25. Rxg1 Kb7 26. Kb2 Rh2 27. Rg7 Bh5 28. Rxc7+ Ka8 29. Ba6 Nc5 30. Rc8# 1-0


[Site "https://www.chess.com"]

[Event "Titled Tuesday Blitz February 14 Late 2023"]
[White "Delorme, Axel"]
[Black "Aldokhin, Ivan"]
[WhiteFideId "632023"]
[BlackFideId "24115720"]
[WhiteElo "2483"]
[BlackElo "2413"]
[Result "0-1"]
[Round "06"]
[TimeControl "180+2"]
[Date "2023.02.14"]
[WhiteClock "0:00:07"]
[BlackClock "0:00:48"]

1. e4 c5 2. Nf3 e6 3. b3 b6 4. d4 Bb7 5. d5 Nf6 6. Nc3 exd5 7. exd5 d6 8. Bb5+ Nbd7 9. O-O Be7 10. Re1 O-O 11. Bf4 Re8 12. a4 a6 13. Bd3 Nf8 14. Bf1 Ng6 15. Bg3 Qd7 16. Qd3 Bf8 17. h3 Nh5 18. Bh2 Nhf4 19. Qd2 Qf5 20. Re3 Rxe3 21. fxe3 Nxh3+ 22. gxh3 Qxf3 23. Bg2 Qh5 24. Rf1 Re8 25. Qf2 Nh4 26. Ne4 Nxg2 27. Qxg2 Qg6 28. Qxg6 hxg6 29. Nxd6 Bxd6 30. Bxd6 Bxd5 31. c4 Bc6 32. Re1 Re6 33. Bc7 b5 34. axb5 axb5 35. Bb6 bxc4 36. bxc4 Re5 37. Kf2 Rf5+ 38. Ke2 Rh5 39. Rf1 Bg2 40. Rg1 Bxh3 41. e4 Be6 42. Kd3 Rh3+ 43. Kd2 Bxc4 44. Bxc5 Rd3+ 45. Kc2 Rf3 46. Bd4 Bd3+ 47. Kd2 Bxe4 48. Re1 Rd3+ 0-1


[Site "https://www.chess.com"]

[Event "Titled Tuesday Blitz February 14 Late 2023"]
[White "Gutkin, Ilya"]
[Black "Martinez Reyes, Pedro Ramon"]
[WhiteFideId "16203470"]
[BlackFideId "3901807"]
[WhiteElo "2273"]
[BlackElo "2376"]
[Result "0-1"]
[Round "06"]
[TimeControl "180+2"]
[Date "2023.02.14"]
[WhiteClock "0:00:04"]
[BlackClock "0:02:40"]

1. Nf3 d6 2. d4 Nf6 3. b3 g6 4. Bb2 Bg7 5. g3 O-O 6. Bg2 Bf5 7. O-O Nc6 8. c4 Ne4 9. Nbd2 Nxd2 10. Qxd2 Be4 11. d5 Bxb2 12. Qxb2 Bxf3 13. Bxf3 Ne5 14. Bg2 c5 15. h3 Rb8 16. f4 Nd7 17. a4 a6 18. e4 b5 19. axb5 axb5 20. Qc3 Qb6 21. h4 Ra8 22. h5 bxc4 23. bxc4 Qb4 24. Qd3 Nb6 25. hxg6 hxg6 26. e5 Qxc4 27. Qf3 Qd4+ 28. Qf2 Rxa1 29. Qxd4 Rxf1+ 0-1


[Site "https://www.chess.com"]

[Event "Titled Tuesday Blitz February 14 Late 2023"]
[White "Sanchez Alvares, Kelvin Antonio"]
[Black "Bouget, Alexandre"]
[WhiteFideId "3906680"]
[BlackFideId "681318"]
[WhiteElo "2243"]
[BlackElo "2267"]
[Result "0-1"]
[Round "06"]
[TimeControl "180+2"]
[Date "2023.02.14"]
[WhiteClock "0:01:12"]
[BlackClock "0:02:21"]

1. e4 e6 2. d4 d5 3. Nc3 Bb4 4. Ne2 dxe4 5. a3 Be7 6. Nxe4 Nf6 7. N2c3 b6 8. Bb5+ c6 9. Be2 O-O 10. Bf3 Ba6 11. Bf4 Nbd7 12. Nxf6+ Nxf6 13. Bxc6 Nd5 14. Nxd5 exd5 15. Bxa8 Qxa8 16. Qf3 Qc6 17. O-O-O Rc8 0-1


[Site "https://www.chess.com"]